 Dungeon Crawl Stone Soup version 0.19.1-1-g22dce08 (webtiles) character file.

5398 esteth the Protected (level 10, -7/91 HPs)
             Began as a Minotaur Fighter on Jan 2, 2017.
             Was a Believer of Makhleb.
             Mangled by a wraith (9 damage)
             ... led by Josephine
             ... on level 9 of the Dungeon.
             The game lasted 00:22:24 (7668 turns).

esteth the Protected (Minotaur Fighter)             Turns: 7668, Time: 00:22:24

Health: -7/91      AC: 17    Str: 24    XL:     10   Next: 40%
Magic:  11/11      EV:  7    Int:  5    God:    Makhleb [**....]
Gold:   424        SH:  4    Dex: 10    Spells: 0 memorised, 9 levels left

rFire  + . .     SeeInvis .     u - +7 spear "Vucyv" {pierce, rC++}
rCold  + + .     Gourm    .     q - +0 plate armour
rNeg   . . .     Faith    .     j - +0 buckler
rPois  .         Spirit   .     (helmet restricted)
rElec  .         Reflect  .     s - +0 cloak
rCorr  +         Harm     .     (no gloves)
MR     .....                    (no boots)
Stlth  ..........               K - amulet of regeneration
                                M - ring of resist corrosion
                                x - ring of protection from fire

@: no status effects
A: retaliatory headbutt, horns 2
a: Minor Destruction, Renounce Religion


You were on level 9 of the Dungeon.
You worshipped Makhleb.
Makhleb was pleased with you.
You were not hungry.

You visited 2 branches of the dungeon, and saw 11 of its levels.
You also visited: Sewer.

You collected 424 gold pieces.

Inventory:

Hand Weapons
 a - a +1 war axe
 k - a +2 hand axe of freezing
 t - a +1 spear of venom
 u - the +7 spear "Vucyv" (weapon) {pierce, rC++}
   (You found it on level 4 of the Dungeon)

   It inflicts extra damage upon your enemies.
   It greatly protects you from cold.
 P - a +2 scimitar of flaming
Armour
 b - a +0 scale mail
 c - a +0 shield
 j - a +0 buckler (worn)
 q - a +0 plate armour (worn)
 s - a +0 cloak (worn)
Jewellery
 x - a ring of protection from fire (left hand)
 y - an uncursed amulet of magic regeneration
 K - an amulet of regeneration (around neck)
 L - a +5 ring of intelligence
 M - a ring of resist corrosion (right hand)
 T - an uncursed ring of protection from fire
Wands
 l - a wand of lightning (8/15)
 F - a wand of random effects (40/48)
 G - a wand of paralysis (16/24)
 I - a wand of flame (27/48)
 N - a wand of lightning (8/15)
 R - a wand of random effects (15/48)
Scrolls
 g - 5 scrolls of fear
 n - 9 scrolls of identify
 v - 2 scrolls of remove curse
 B - a scroll of teleportation
 J - 2 scrolls of amnesia
Potions
 d - a potion of might
 e - a potion of lignification {unknown}
 i - 5 potions of heal wounds {unknown}
 m - 2 potions of ambrosia {unknown}
 z - a potion of berserk rage {unknown}
 A - 2 potions of haste {unknown}
 C - 2 potions of flight {unknown}
 E - a potion of magic {unknown}
 H - a potion of brilliance {unknown}
 O - 2 potions of mutation {unknown}
 Q - 2 potions of resistance {unknown}
 S - a potion of degeneration {unknown}
Books
 w - a book of Misfortune

   Spells                             Type                      Level
   a - Confusing Touch                Hexes                        1
   b - Confuse                        Hexes                        3
   c - Gell's Gravitas                Hexes/Translocation          3
   d - Petrify                        Transmutation/Earth          4
   e - Metabolic Englaciation         Hexes/Ice                    5
   f - Yara's Violent Unravelling     Hexes/Transmutation          5
Comestibles
 f - 8 bread rations
 o - 10 slices of pizza
 p - 3 beef jerkies
 r - 4 meat rations


   Skills:
 - Level 9.0 Fighting
 + Level 9.7(9.8) Axes
 - Level 1.2(6.2) Polearms
 - Level 13.0 Armour
 - Level 4.1 Shields
 + Level 2.9 Invocations


You had 9 spell levels left.
You didn't know any spells.

Dungeon Overview and Level Annotations

Branches:
Dungeon (10/15)            Temple (1/1) D:6
   Lair: D:8-11         Orc: D:9-12

Altars:
Ashenzari
Cheibriados
Dithmenos
Elyvilon
Fedhas
Gozag
Hepliaklqana
Makhleb
Nemelex Xobeh
Okawaru
Qazlal
Sif Muna
Trog
Uskayaw
Vehumet
Xom
Yredelemnul
Zin
The Shining One
Lugonu

Shops:
D:4 [

Annotations:
D:4 Menkaure; esteth's ghost, novice MiFi
D:7 1 runed door
D:9 Josephine


Innate Abilities, Weirdness & Mutations

You reflexively headbutt those who attack you in melee.
You have a pair of horns on your head.


Message History

The yak gores you but does no damage. You block the wraith's attack.
Josephine hits you but does no damage.
You feel better. The wraith hits you. The yak closely misses you.
The wraith hits you. Josephine hits you but does no damage.
You hit Josephine but do no damage. You headbutt Josephine.
Josephine is heavily wounded.
The wraith hits you but does no damage. The yak completely misses you.
The wraith closely misses you.
You puncture Josephine! Your headbutt misses Josephine.
Josephine is severely wounded.
Josephine is infused with unholy energy.
* * * LOW HITPOINT WARNING * * *
Josephine draws life force from you and is healed!
The wraith hits you.
* * * LOW HITPOINT WARNING * * *
You hit Josephine but do no damage.
Josephine is heavily wounded.
The yak barely misses you. You furiously retaliate!
You headbutt the yak! The wraith hits you!
You die...

######### #.......##
###.#.###.#.
#...#.......
#######.###.###.#.
###@Y...........#.#.
#.W@W...##.####.#.#.
#..........####...#.
#...#...#.))(..#..#.
##.......##.###(#..#.
#....................
###.#......##......#...
#.#.#..............+...
#.#.#......###.....##..


You could see Josephine, a yak and 2 wraiths.

Vanquished Creatures
  Erica (D:8)
  The ghost of dngmouse the Basher, a novice GrFi of Makhleb (D:7)
  Joseph (D:7)
  A hippogriff (D:9)
  A human (D:8)
  A wraith (D:9)
  3 hogs (D:8)
  2 yaks
  An orc warrior (D:7)
  A water moccasin (D:8)
  2 sky beasts
  2 ogres
  A centaur (D:9)
  4 big kobolds
  3 bullfrogs
  A scorpion (D:5)
  4 killer bees (D:8)
  3 howler monkeys
  2 crimson imps
  A centaur zombie (D:9)
  A bullfrog zombie (D:6)
  3 hounds
  3 bullfrog skeletons
  An orc priest (D:3)
  3 jellies
  2 centaur skeletons
  Jessica (D:2)
  An iguana (D:9)
  8 orc wizards
  A killer bee zombie (D:8)
  7 worker ants
  A hound zombie (D:5)
  A worker ant zombie (D:7)
  7 gnolls
  5 adders
  3 river rats
  3 shadow imps
  2 oozes
  An adder skeleton (D:7)
  2 worms
  3 dart slugs
  4 leopard geckos
  30 orcs
  2 bat zombies (D:1)
  6 giant cockroaches
  11 goblins
  10 hobgoblins
  8 jackals
  3 quokkas
  3 ball pythons
  9 bats
  4 frilled lizards
  11 kobolds
  A quokka skeleton (D:4)
  2 quokka zombies
  17 rats
216 creatures vanquished.

Vanquished Creatures (others)
  2 fungi (D:10)
2 creatures vanquished.

Grand Total: 218 creatures vanquished

Notes
Turn   | Place    | Note
-------+----------+-------------------------------------------
     0 | D:1      | esteth the Minotaur Fighter began the quest for the Orb.
     0 | D:1      | Reached XP level 1. HP: 19/19 MP: 0/0
    56 | D:1      | Reached XP level 2. HP: 27/27 MP: 1/1
   595 | D:1      | Reached XP level 3. HP: 33/33 MP: 2/2
  1050 | D:2      | Noticed Jessica
  1053 | D:2      | Killed Jessica
  1181 | D:2      | Reached XP level 4. HP: 40/40 MP: 3/3
  1287 | D:2      | Found a blossoming altar of Fedhas.
  1359 | D:2      | Reached skill level 5 in Axes
  1669 | D:3      | Reached XP level 5. HP: 41/46 MP: 4/4
  1876 | D:3      | Found a stormy altar of Qazlal.
  2093 | D:3      | Noticed an ogre
  2099 | D:3      | Killed an ogre
  2099 | D:3      | Reached XP level 6. HP: 29/52 MP: 5/5
  2511 | D:4      | Found Riel Fiad's Armour Boutique.
  2575 | D:4      | Found an opulent altar of Gozag.
  2628 | D:4      | Noticed esteth's ghost (novice MiFi)
  2629 | D:4      | Noticed Menkaure
  2921 | D:4      | Got a scorched spear
  2922 | D:4      | Identified the +7 spear "Vucyv" {pierce, rC++} (You found it on level 4 of the Dungeon)
  2950 | D:4      | Reached skill level 1 in Polearms
  3102 | D:5      | Entered Level 5 of the Dungeon
  3510 | D:5      | Noticed a sky beast
  3522 | D:5      | Killed a sky beast
  3522 | D:5      | Reached XP level 7. HP: 51/60 MP: 6/6
  3551 | D:5      | Reached skill level 5 in Fighting
  4251 | D:6      | Found a glowing drain.
  4287 | Sewer    | Entered a sewer
  4454 | Sewer    | Reached XP level 8. HP: 69/75 MP: 7/7
  4678 | D:6      | Reached skill level 4 in Armour
  4792 | D:6      | Reached skill level 5 in Armour
  4847 | D:6      | Found a staircase to the Ecumenical Temple.
  4853 | Temple   | Entered the Ecumenical Temple
  4959 | Temple   | Became a worshipper of Makhleb the Destroyer
  5326 | D:6      | Reached skill level 6 in Armour
  5430 | D:7      | Found a shadowy altar of Dithmenos.
  5431 | D:7      | Found an opulent altar of Gozag.
  5435 | D:7      | Found a snail-covered altar of Cheibriados.
  5448 | D:7      | Found a hazy altar of Hepliaklqana.
  5470 | D:7      | Reached skill level 7 in Armour
  5492 | D:7      | Noticed dngmouse's ghost (novice GrFi)
  5708 | D:7      | Killed dngmouse's ghost
  5708 | D:7      | Reached skill level 9 in Armour
  5708 | D:7      | Reached XP level 9. HP: 55/83 MP: 8/8
  5812 | D:7      | Found a runed door.
  5872 | D:7      | Found a glowing golden altar of the Shining One.
  5910 | D:7      | Found a glowing silver altar of Zin.
  5916 | D:7      | Noticed Joseph
  5924 | D:7      | Killed Joseph
  5924 | D:7      | Reached skill level 10 in Armour
  6008 | D:7      | Found a white marble altar of Elyvilon.
  6242 | D:8      | Found a basalt altar of Yredelemnul.
  6317 | D:8      | Noticed Erica
  6329 | D:8      | Killed Erica
  6329 | D:8      | Reached skill level 12 in Armour
  6427 | D:8      | Reached * piety under Makhleb
  6589 | D:8      | Found an iron altar of Okawaru.
  6797 | D:8      | Reached skill level 13 in Armour
  6797 | D:8      | Reached XP level 10. HP: 91/91 MP: 9/9
  7049 | D:9      | Reached skill level 1 in Invocations
  7243 | D:9      | Reached ** piety under Makhleb
  7619 | D:10     | Entered Level 10 of the Dungeon
  7643 | D:10     | Noticed Josephine
  7667 | D:9      | HP: 2/91 [wraith[Josephine] (5)]
  7668 | D:9      | Mangled by a wraith

Skill      XL: |  1  2  3  4  5  6  7  8  9 10 |
---------------+-------------------------------+-----
Shields        | 4 |  4.1
Axes           | 3 4 5 7 8 9 |  9.7
Polearms       | 1 |  1.2
Fighting       | 4 8 9 |  9.0
Armour         | 9 13 | 13.0
Invocations    | 2 |  2.9

Action                   |  1- 3 |  4- 6 |  7- 9 | 10-12 || total
-------------------------+-------+-------+-------+-------++-------
Melee: War axe           |    34 |    73 |       |       ||   107
       Headbutt          |    10 |    20 |    65 |    26 ||   121
       Hand axe          |    30 |    42 |       |       ||    72
       Spear             |       |    15 |   360 |   125 ||   500
  Use: Scroll            |     2 |     8 |     2 |       ||    12
       Potion            |       |       |       |     3 ||     3
  Eat: Chunk             |     1 |     7 |     7 |     3 ||    18
       Bread ration      |       |       |     1 |       ||     1
Armor: Scale mail        |    34 |       |       |       ||    34
       Plate armour      |     3 |    60 |   124 |   107 ||   294
Dodge: Dodged            |    19 |    31 |    54 |    47 ||   151
Block: Shield            |    23 |       |       |       ||    23
       Buckler           |     3 |    25 |    34 |    21 ||    83
